 Dungeon Crawl Stone Soup version 0.28.0 (webtiles) character file.

Game seed: 8967495729176846213

92 ProzacElf the Ducker (level 4, 33/33 HPs)
             Began as a Demonspawn Gladiator on Feb 13, 2022.
             Was a Follower of Vehumet.
             Quit the game on level 4 of the Dungeon.
             The game lasted 00:04:31 (2750 turns).

ProzacElf the Ducker (Demonspawn Gladiator)         Turns: 2750, Time: 00:04:32

Health: 33/33      AC:  7    Str: 16    XL:     4   Next: 35%
Magic:  4/4        EV: 12    Int: 10    God:    Vehumet [*.....]
Gold:   161        SH:  0    Dex: 14    Spells: 3/3 levels left

rFire   . . .      SeeInvis .   b - +2 dagger (elec)
rCold   . . .      Faith    .   (no shield)
rNeg    . . .      Spirit   .   l - +0 ring mail
rPois   .          Reflect  .   c - +0 helmet
rElec   .          Harm     .   (no cloak)
rCorr   .          Rampage  .   (no gloves)
Will    .....                   e - +0 pair of boots
Stlth   +.........              (no amulet)
HPRegen 0.11/turn               (no ring)
MPRegen 0.09/turn               (no ring)

@: no status effects
A: hooves 1
a: Renounce Religion


You were on level 4 of the Dungeon.
You worshipped Vehumet.
Vehumet was aware of your devotion.
You visited 1 branch of the dungeon, and saw 4 of its levels.

You collected 161 gold pieces.

Inventory:

Hand Weapons
 a - a +0 flail
 b - a +2 dagger of electrocution (weapon)
 r - a +3 whip
Missiles
 d - 2 throwing nets
 f - 63 arrows
 p - 50 stones (quivered)
Armour
 c - a +0 helmet (worn)
 e - a +0 pair of boots (worn)
 k - a +0 leather armour
 l - a +0 ring mail (worn)
Scrolls
 i - 5 scrolls of identify {unknown}
 j - a scroll of fog {unknown}
 o - a scroll of immolation {unknown}
 s - a scroll of magic mapping {unknown}
Potions
 g - a potion of magic {unknown}
 h - a potion of resistance {unknown}
 m - a potion of degeneration {unknown}
 n - a potion of flight {unknown}
 q - a potion of brilliance {unknown}


   Skills:
 - Level 2.0 Fighting
 + Level 3.8 Maces & Flails
 - Level 1.7 Throwing
 + Level 3.8 Dodging


You had 3 spell levels left.
You didn't know any spells.
Your spell library contained the following spells:

 Spells                   Type           Power      Damage    Failure   Level
 Shock                    Conj/Air       0%         1d3       58%         1
 Corpse Rot               Necr/Air       0%         N/A       73%         2
 Dispel Undead            Necr           0%         3d6       100%        4
 Death Channel            Necr           0%         N/A       100%        6


Dungeon Overview and Level Annotations

Branches:
Dungeon (4/15)
 Temple: D:4-7

Altars:
Sif Muna
Vehumet

Shops:
D:2 [

Annotations:
D:3 3 runed translucent doors, Acetwo5's ghost, amateur MiFi


Innate Abilities, Weirdness & Mutations

You have large cloven feet.


Message History

Nay target in view!
Thar be a stone staircase leadin' up 'ere.
Ye see 'ere a quokka corpse.
Ye see 'ere a rat corpse.
A rat comes inta view.
Tha rat barely misses ye.
Ye hit tha rat.
Lightnin' courses through tha rat!
Ye kill tha rat!
Vehumet accepts yer kill.
Nay reach'ble target in view!
Thar be a stone staircase leadin' up 'ere.
Ye now haf 161 gold pieces (gain'd 8).
Acetwo5's ghost turns its malevolent gaze towards ye.
Found a mornin'star.
Could na 'splore, unopen'd run'd door.
(D) Dungeon Where ta? (Enter - D:3, ? - help)
What level o' tha Dungeon? (default 1, ? - help) Ye see 'ere a rat skeleton.
Thar be a stone staircase leadin' down 'ere.
Ye climb downwards.
Found 14 slin' bullets.
Thar be a stone staircase leadin' up 'ere.
Thar be a stone staircase leadin' up 'ere.
Ye see 'ere 14 slin' bullets.
A goblin comes inta view.
It be wieldin' a +0 dagger.
Ye hit tha goblin.
Lightnin' courses through tha goblin!
Ye kill tha goblin!
Vehumet accepts yer kill.
Nay target in view!
Nay target in view!
Nay target in view!
Okay, than.
Thin's tha be 'ere: a +0 dagger; a goblin corpse
s - a scroll labelled FYCRANKA QIUH A hobgoblin comes inta view.
It be carryin' a wand o' paralysis (7).
Found a leathar armour.
Tha hobgoblin shouts!
Be ye sure ye want ta abandon 'tis character an' quit tha game? (Confirm wit' "aye".)

#..........
+..........
#..........
#.........#
#.........#
#.....g...#
#....[....#
#@################
#.................
#################.
#.......#..
#.#####.#.. #.#
#.... #.# #####
#.#########
#..........


You could see a hobgoblin.

Vanquished Creatures
  3 adders (D:2)
  A worm (D:2)
  2 dart slugs
  An orc (D:3)
  5 endoplasms
  A giant cockroach (D:2)
  9 goblins
  6 hobgoblins
  6 jackals (D:1)
  3 quokkas
  5 ball pythons
  6 bats
  3 frilled lizards
  4 rats
55 creatures vanquished.

Notes
Turn   | Place    | Note
-------+----------+-------------------------------------------
     0 | D:1      | ProzacElf the Demonspawn Gladiator began the quest for the
                  | Orb.
     0 | D:1      | Reached XP level 1. HP: 16/16 MP: 1/1
   181 | D:1      | Gained mutation: You have large cloven feet. [demonic
                  | ancestry]
   181 | D:1      | Reached XP level 2. HP: 19/22 MP: 2/2
   840 | D:2      | Reached XP level 3. HP: 26/27 MP: 3/3
  1115 | D:2      | HP: 1/27 [poisoned by an adder]
  1406 | D:2      | Reached XP level 4. HP: 22/33 MP: 4/4
  1772 | D:2      | Found a shimmering blue altar of Sif Muna.
  1785 | D:2      | Found Mifrukacu's Armour Shop.
  2280 | D:3      | Found a runed translucent gate.
  2280 | D:3      | Found a runed translucent gate.
  2280 | D:3      | Found a runed translucent gate.
  2329 | D:3      | Found a faded altar of an unknown god.
  2343 | D:3      | Prayed at the altar of an unknown god.
  2343 | D:3      | Became a worshipper of Vehumet
  2343 | D:3      | Reached * piety under Vehumet
  2343 | D:3      | Offered knowledge of Shock by Vehumet.
  2588 | D:3      | Noticed Acetwo5's ghost (amateur MiFi)
  2750 | D:4      | Quit the game

Illustrated notes

Levels and vault maps discovered:
D:1:      doesnt_arrival_eight_statues, layout_loops_ring,
          nicolae_figureground_sparkle
D:2:      minmay_skewed_foursquare, layout_basic, basic_altar, serial_shops,
          nicolae_square_shop, palyth_stone_intersect
D:3:      layout_rooms, gammafunk_ghost_icy,
          shapermc_ecumenical_altar_notcrosses, corexii_leaking_fountain
D:4:      layout_basic, gammafunk_ghost_mausoleum, grunt_ministairs_11

Skill      XL: |  1 |
---------------+----+-----
Maces & Flails | 3 |  3.8
Dodging        | 3 |  3.8
Fighting       | |  2.0
Throwing       | |  1.7

Action                   |  1- 3 |  4- 6 || total
-------------------------+-------+-------++-------
Melee: Flail             |    40 |       ||    40
       Dagger            |    62 |    42 ||   104
       Punch             |     1 |       ||     1
Throw: Throwing net      |     1 |       ||     1
 Stab: Distracted        |     1 |       ||     1
Armor: Leather armour    |    16 |       ||    16
       Ring mail         |    26 |    20 ||    46
Dodge: Dodged            |    68 |    24 ||    92
